 Dungeon Crawl Stone Soup version 0.30-a0-50-gb2d611f6b1 (webtiles) character file.

Game seed: 3862728994127986953

70 riojii the Trooper (level 4, -2/40 HPs)
             Began as a Ghoul Fighter on Sept 4, 2022.
             Slain by an iguana (8 damage)
             ... on level 6 of the Dungeon.
             The game lasted 00:02:18 (2170 turns).

riojii the Trooper (Ghoul Fighter)                  Turns: 2170, Time: 00:02:18

Health: -2/40      AC:  9    Str: 21    XL:     4   Next: 21%
Magic:  3/3        EV:  7    Int:  3    God:
Gold:   149        SH:  4    Dex:  8    Spells: 3/3 levels left

rFire   + . .      SeeInvis .      - Unarmed
rCold   + . .      Faith    .    b - +0 buckler
rNeg    + + +      Spirit   .    h - +0 chain mail
rPois   ∞          Reflect  .    (no helmet)
rElec   .          Harm     .    (no cloak)
rCorr   .          Rampage  .    (no gloves)
Will    +....                    (no boots)
Stlth   ..........               (no amulet)
HPRegen 0.00/turn                e - ring of willpower
MPRegen 0.08/turn                i - ring of protection from fire

@: inhibited regen
A: claws 1, cold resistance 1, negative energy resistance 3, inhibited
regeneration, torment resistance 2, devour on kill
a: no special abilities


You were on level 6 of the Dungeon.
You visited 1 branch of the dungeon, and saw 4 of its levels.

You collected 149 gold pieces.

Inventory:

Armour
 b - a +0 buckler (worn)
 h - a +0 chain mail (worn)
Jewellery
 e - a ring of willpower (left claw)
 i - a ring of protection from fire (right claw)
Scrolls
 a - a scroll of silence {unknown}
 f - a scroll of identify {unknown}
 j - a scroll of immolation {unknown}
 m - a scroll of teleportation {unknown}
Potions
 c - a potion of might
 d - a potion of brilliance {unknown}
 g - a potion of heal wounds {unknown}
 k - a potion of flight {unknown}
 l - a potion of curing {unknown}
 n - a potion of invisibility {unknown}


   Skills:
 * Level 4.1 Fighting
 + Level 3.1 Armour
 + Level 3.0 Shields
 * Level 3.2 Unarmed Combat


You had 3 spell levels left.
You didn't know any spells.
Your spell library was empty.

Dungeon Overview and Level Annotations

Branches:
Dungeon (3/15)

Altars:

Shops:
D:1 *   D:2 ((?[


Innate Abilities, Weirdness & Mutations

You are immune to poison.
You have sharp fingernails.
Your flesh is cold resistant. (rC+)
You are immune to negative energy. (rN+++)
You do not regenerate when monsters are visible.
You are immune to unholy pain and torment.
You thrive by killing the living.


Message History

The iguana is lightly wounded.
The iguana bites you but does no damage.
You scratch the iguana but do no damage.
The iguana is lightly wounded.
The iguana barely misses you.
You scratch the iguana.
The iguana is moderately wounded.
The iguana bites you but does no damage.
You barely miss the iguana.
The iguana is moderately wounded.
The iguana bites you but does no damage.
You barely miss the iguana.
The iguana is moderately wounded.
The iguana bites you.
You scratch the iguana.
The iguana is moderately wounded.
The iguana bites you.
You are too injured to fight recklessly!
You are too injured to fight recklessly!
You are too injured to fight recklessly!
You are too injured to fight recklessly!
You are too injured to fight recklessly!
You are too injured to fight recklessly!
You are too injured to fight recklessly!
You are too injured to fight recklessly!
You barely miss the iguana.
The iguana is moderately wounded.
You block the iguana's attack.
You scratch the iguana.
The iguana is moderately wounded.
The iguana bites you!
* * * LOW HITPOINT WARNING * * *
You closely miss the iguana.
The iguana is moderately wounded.
The iguana bites you.
* * * LOW HITPOINT WARNING * * *
You scratch the iguana.
The iguana is heavily wounded.
The iguana bites you!
You die...

#. #.# .. #.
#.##########
#..##......
###.##......
#...@l......
#.#.##......
#.#.........
#.####.#####
#.# #..##
#.#####..#
#......#.#
######.#...
#.#..##


You could see an iguana.

Vanquished Creatures
  A hound (D:6)
  An ufetubus (D:2)
  A dart slug (D:1)
  2 bats
  2 endoplasms
  5 goblins
  5 hobgoblins
  A quokka (D:2)
  A ball python (D:2)
  2 frilled lizards (D:3)
  4 kobolds
  5 rats
30 creatures vanquished.

Notes
Turn   | Place    | Note
-------+----------+-------------------------------------------
     0 | D:1      | riojii the Ghoul Fighter began the quest for the Orb.
     0 | D:1      | Reached XP level 1. HP: 19/19 MP: 0/0
   332 | D:1      | Reached XP level 2. HP: 26/26 MP: 1/1
   474 | D:1      | Found Vask's Assorted Antiques.
   707 | D:1      | Found a faded altar of an unknown god.
  1230 | D:2      | Found Haronil's Antique Weapon Shoppe.
  1281 | D:2      | Found Quusiomi's Antique Weapon Boutique.
  1306 | D:2      | Found Lungebyt's Magic Scroll Shoppe.
  1438 | D:2      | Reached XP level 3. HP: 29/33 MP: 2/2
  1542 | D:2      | Found Nutipes's Antique Armour Boutique.
  2133 | D:3      | You fall into a shaft and drop 3 floors!
  2158 | D:6      | Reached skill level 4 in Fighting
  2158 | D:6      | Reached XP level 4. HP: 27/40 MP: 3/3
  2170 | D:6      | Slain by an iguana

Illustrated notes

Levels and vault maps discovered:
D:1:      matt_arrival_diagonals, layout_loops_corners, serial_shops,
          nicolae_shop_advertising_works [nicolae_subvault_shop_adworks],
          hellmonk_ecumenical_altar_prayer_group, item_on_display_a
D:2:      layout_basic, serial_shops, nicolae_diamond_shop, shop, shop, shop,
          skrybe_limestone_x
D:3:      layout_basic
D:6:      layout_basic, uniq_duvessa, uniq_sigmund

Skill      XL: |  1  2  3 |
---------------+----------+-----
Fighting       | 4 |  4.1
Armour         | 3 |  3.1
Shields        | 3 |  3.0
Unarmed Combat | 3 |  3.2

Action                   |  1- 3 |  4- 6 || total
-------------------------+-------+-------++-------
Melee: Unarmed           |   104 |    13 ||   117
Armor: Scale mail        |    16 |       ||    16
       Chain mail        |    32 |     3 ||    35
Dodge: Dodged            |    31 |     2 ||    33
Block: Buckler           |    17 |     2 ||    19

Table legend: (Time is in decaauts)
 A = Elapsed time spent in this place.
 B = Non-inter-level travel time spent in this place.
 C = Inter-level travel time spent in this place.
 D = Time resting spent in this place.
 E = Time spent auto-exploring this place.
 F = Levels seen in this place.
 G = Mean time per level.
                   A        B        C        D        E       F      G
               +--------+--------+--------+--------+--------+-----+--------+
         Total |   2167 |   2090 |     77 |      0 |   1829 |   4 |  541.8 |
       Dungeon |   2167 |   2090 |     77 |      0 |   1829 |   4 |  541.8 |
               +--------+--------+--------+--------+--------+-----+--------+

Top non-repeatable levels by time:
     D:1: 1005 daAuts
     D:2: 866 daAuts
     D:3: 258 daAuts
     D:6: 36 daAuts
